AoeStats
← Josmi-Ga'lock

Lombardia

508543155Analyzed
4v4 RM · 10d ago on Sep 22, 2026· 119m 16s· 8 players
Game mode
Random Map
Map size
Large (8 player)
Population
200
Speed
Normal
Resources
Standard
Victory
Conquest
Starting age
Dark Age
Ending age
Imperial Age
RankedLock teamsTeams togetherTeam positionsShared explorationLock speedFull tech treeHidden civsTurbo modeCheats
Victory
Defeat
🇻🇪 Danes · Venezuela
953
+17
🇦🇷 Saxons · Argentina
936
+18
🇧🇷 Portuguese · Brazil
927
+18
🇦🇷 Mongols · Argentina
823
+23
🇺🇸 Khmer · United States
1015
-20
🇺🇸 Franks · United States
1005
-20
🇺🇸 Persians · United States
949
-18
🇺🇸 Ethiopians · United States
943
-18
Abyssus
5:39 Loom
11:05 Feudal Age
12:52 Horse Collar
13:02 Double-Bit Axe
21:27 Castle Age
21:13 Stone Mining
21:15 Gold Mining
22:58 Squires
24:39 Stone Shaft Mining
24:08 Heavy Plow
24:13 Scale Mail Armor
24:11 Pikeman
30:44 Wheelbarrow
30:47 Arson
32:52 Hamask
35:09 Ballistics
34:58 Town Watch
40:15 Imperial Age
37:48 Caravan
38:19 Coinage
40:14 Chain Mail Armor
40:10 Forging
40:19 Onager
41:57 Hoardings
41:45 Conscription
40:55 Elite Varangian Guard
40:56 Halberdier
42:47 Hand Cart
43:07 Banking
43:13 Plate Mail Armor
43:25 Iron Casting
42:41 Fletching
43:25 Town Patrol
43:21 Gambesons
45:57 Blast Furnace
44:55 Bodkin Arrow
45:12 Siege Onager
47:20 Gold Shaft Mining
46:39 Heavy Scorpion
47:33 Bow Saw
48:15 Bracer
55:19 Chemistry
54:15 Murder Holes
58:44 Siege Engineers
58:50 Masonry
74:17 Man-at-Arms
75:10 Capped Ram
77:39 Long Swordsman
79:25 Two-Handed Swordsman
80:06 Siege Ram
82:21 Champion
99:29 Padded Archer Armor
105:11 Northmen's Fury
Josmi-Ga'lock
0:34 Loom
10:33 Feudal Age
11:03 Town Watch
11:06 Double-Bit Axe
13:47 Horse Collar
20:25 Castle Age
21:36 Bow Saw
24:48 Squires
26:01 Wheelbarrow
27:09 Gold Mining
27:39 Arson
28:41 Forging
28:32 Scale Mail Armor
31:47 Stone Mining
34:12 Iron Casting
33:52 Chain Mail Armor
34:17 Gold Shaft Mining
33:50 Heavy Plow
38:33 Imperial Age
36:20 Hand Cart
36:06 Town Patrol
36:35 Fortified Wall
36:07 Treadmill Crane
36:52 Ballistics
36:43 Masonry
37:21 Fletching
39:07 Murder Holes
39:39 Conscription
38:43 Shield Wall
38:55 Elite Varangian Guard
40:53 Crop Rotation
41:23 Bodkin Arrow
42:00 Plate Mail Armor
43:06 Chemistry
45:57 Gambesons
46:45 Architecture
46:12 Bodkin Arrow
53:42 Two-Man Saw
53:33 Bracer
57:55 Caravan
58:25 Coinage
58:05 Guilds
60:46 Pikeman
61:10 Elite Hearth Troop
62:12 Halberdier
68:27 Hoardings
69:00 Banking
116:18 Spies/Treason
ChronoMiner
0:45 Loom
12:30 Feudal Age
12:58 Double-Bit Axe
16:21 Horse Collar
24:34 Castle Age
22:55 Gold Mining
22:57 Stone Mining
25:32 Heavy Plow
25:45 Bow Saw
33:22 Imperial Age
30:38 Town Watch
31:28 Wheelbarrow
32:42 Hand Cart
32:27 Town Patrol
34:16 Coinage
33:57 Fletching
34:09 Scale Mail Armor
34:20 Forging
33:39 Pikeman
34:04 Arson
34:27 Thumb Ring
33:43 Elite Skirmisher
34:18 Halberdier
35:21 Bloodlines
35:11 Husbandry
37:16 Elite Organ Gun
38:17 Conscription
38:28 Light Cavalry
39:13 Husbandry
40:24 Murder Holes
41:30 Chemistry
40:51 Ballistics
40:28 Bodkin Arrow
47:20 Chain Mail Armor
47:40 Iron Casting
47:06 Bracer
47:41 Cavalier
49:50 Scale Barding Armor
50:16 Plate Mail Armor
50:46 Blast Furnace
52:01 Arquebus
53:43 Chain Barding Armor
60:33 Banking
60:14 Guilds
64:02 Plate Barding Armor
64:37 Onager
79:33 Padded Archer Armor
105:54 Fervor
117:58 Spies/Treason
Bluezote
1:15 Loom
10:00 Feudal Age
22:53 Castle Age
21:26 Double-Bit Axe
28:50 Caravan
30:25 Bow Saw
32:36 Man-at-Arms
34:03 Wheelbarrow
35:35 Fortified Wall
35:46 Ballistics
35:24 Murder Holes
40:47 Imperial Age
38:57 Masonry
38:59 Thumb Ring
38:15 Elite Skirmisher
38:23 Man-at-Arms
38:58 Fletching
39:08 Padded Archer Armor
39:37 Nomads
40:16 Coinage
40:12 Gold Mining
41:03 Stone Mining
42:04 Bodkin Arrow
42:10 Padded Archer Armor
42:21 Forging
42:11 Scale Mail Armor
42:17 Scale Barding Armor
42:36 Capped Ram
44:33 Conscription
45:16 Hand Cart
45:04 Onager
46:24 Town Watch
47:43 Drill
46:56 Siege Ram
48:13 Elite Mangudai
50:38 Chemistry
52:00 Banking
52:39 Pikeman
53:24 Heavy Scorpion
53:47 Long Swordsman
55:09 Gold Shaft Mining
55:25 Heavy Camel Rider
55:27 Cavalier
56:10 Husbandry
56:20 Bloodlines
57:19 Light Cavalry
62:41 Chain Mail Armor
62:47 Chain Barding Armor
63:05 Iron Casting
62:29 Hussar
80:54 Blast Furnace
79:55 Bracer
80:10 Leather Archer Armor
80:11 Chain Mail Armor
87:01 Siege Onager
willdrill4food
0:32 Loom
10:48 Feudal Age
12:15 Feudal Age
18:58 Horse Collar
21:26 Castle Age
27:32 Heavy Plow
30:57 Wheelbarrow
31:18 Scale Barding Armor
31:24 Forging
31:31 Bloodlines
31:22 Husbandry
34:06 Hand Cart
35:04 Double-Bit Axe
36:57 Chain Barding Armor
37:14 Iron Casting
37:23 Bow Saw
37:13 Gold Mining
37:13 Stone Mining
37:38 Caravan
41:19 Imperial Age
42:12 Plate Barding Armor
42:40 Blast Furnace
41:05 Cavalier
42:58 Savar
44:48 Conscription
63:14 Light Cavalry
63:50 Hussar
66:43 Gambesons
66:59 Squires
66:22 Pikeman
67:12 Scale Mail Armor
68:10 Chain Mail Armor
67:35 Halberdier
76:00 Plate Mail Armor
Migotu
2:55 Loom
10:51 Feudal Age
13:10 Double-Bit Axe
16:32 Scale Barding Armor
16:37 Forging
23:54 Castle Age
23:09 Fletching
24:49 Husbandry
26:50 Iron Casting
33:23 Ballistics
36:24 Gambesons
36:00 Man-at-Arms
38:12 Caravan
38:44 Long Swordsman
40:21 Coinage
40:50 Masonry
40:37 Murder Holes
41:34 Squires
41:21 Arson
42:28 Light Cavalry
43:51 Scale Mail Armor
47:39 Imperial Age
47:48 Two-Handed Swordsman
47:56 Cavalier
49:35 Banking
48:46 Champion
54:34 Blast Furnace
53:50 Chain Mail Armor
57:47 Siege Engineers
58:58 Chemistry
64:03 Paladin
75:40 Elite Throwing Axeman
76:29 Chivalry
81:19 Chain Barding Armor
81:30 Plate Mail Armor
80:56 Bodkin Arrow
85:53 Onager
92:36 Cranequins
92:37 Heavy Mounted Crossbowman
94:05 Padded Archer Armor
94:42 Plate Barding Armor
Dr. Eleven
5:02 Loom
11:16 Feudal Age
13:07 Stone Mining
13:07 Double-Bit Axe
14:31 Horse Collar
21:53 Castle Age
21:00 Bloodlines
22:08 Gold Mining
23:01 Scale Barding Armor
23:07 Forging
24:12 Bow Saw
24:39 Wheelbarrow
24:21 Husbandry
26:38 Town Watch
28:01 Fortified Wall
32:08 Ballistics
36:51 Imperial Age
35:11 Caravan
36:06 Gold Shaft Mining
35:45 Heavy Plow
36:30 Masonry
36:17 Murder Holes
37:46 Elite Ballista Elephant
40:40 Chemistry
39:48 Siege Engineers
41:54 Chain Barding Armor
42:23 Hand Cart
42:30 Fletching
43:17 Plate Barding Armor
43:42 Double Crossbow
45:46 Padded Archer Armor
45:43 Bodkin Arrow
46:21 Architecture
46:29 Conscription
47:36 Bracer
48:12 Iron Casting
50:26 Light Cavalry
51:56 Leather Archer Armor
52:46 Blast Furnace
51:13 Hussar
61:57 Ring Archer Armor
65:52 Hoardings
66:22 Stone Shaft Mining
adjanation
4:07 Loom
15:01 Feudal Age
16:30 Feudal Age
18:43 Double-Bit Axe
18:41 Horse Collar
21:55 Castle Age
20:41 Fletching
22:48 Bow Saw
22:40 Heavy Plow
24:17 Wheelbarrow
24:30 Bodkin Arrow
25:15 Town Watch
26:13 Gold Mining
26:16 Stone Mining
28:55 Padded Archer Armor
29:17 Hand Cart
28:51 Elite Skirmisher
31:54 Arson
32:18 Squires
32:53 Ballistics
34:48 Scale Mail Armor
34:58 Forging
35:08 Royal Heirs
35:55 Caravan
39:38 Imperial Age
38:29 Fortified Wall
38:51 Leather Archer Armor
40:26 Chain Mail Armor
40:46 Iron Casting
40:53 Conscription
41:18 Ring Archer Armor
40:49 Bracer
42:34 Two-Man Saw
42:39 Plate Mail Armor
43:31 Blast Furnace
42:13 Elite Shotel Warrior
44:14 Chemistry
43:21 Siege Engineers
43:56 Thumb Ring
43:39 Crossbowman
46:08 Torsion Engines
46:09 Murder Holes
46:34 Masonry
46:39 Arbalester
48:41 Town Patrol
53:37 Heavy Scorpion
55:15 Gold Shaft Mining
58:33 Man-at-Arms
59:12 Long Swordsman
59:51 Two-Handed Swordsman
64:26 Halberdier
68:34 Onager
70:11 Siege Onager
90:57 Architecture
Connection lost

Rejoining the realm…

Still unreachable

The connection could not be restored.

Session expired

The server has moved on; the page needs a fresh start.